 Dungeon Crawl Stone Soup version 0.30.0 (webtiles) character file.

Game seed: 14891533139093562491

7 eppigd the Shield-Bearer (level 1, -4/13 HPs)
             Began as a Deep Elf Fighter on May 7, 2023.
             Slain by a gnoll
             ... wielding a +0 flail
              (6 damage)
             ... on level 1 of the Dungeon.
             The game lasted 00:09:11 (167 turns).

eppigd the Shield-Bearer (Deep Elf Fighter)          Turns: 167, Time: 00:09:12

Health: -4/13      AC:  6    Str: 13    XL:     1   Next: 83%
Magic:  3/3        EV:  8    Int: 12    God:
Gold:   29         SH:  4    Dex: 14    Spells: 0/0 levels left

rFire   . . .        a - +0 rapier
rCold   . . .        c - +0 buckler
rNeg    . . .        b - +0 scale mail
rPois   .            (no helmet)
rElec   .            (no cloak)
rCorr   .            (no gloves)
SInv    .            (no boots)
Will    .....        (no amulet) Stlth
                     (no ring)
HPRegen 0.22/turn    (no ring)
MPRegen 0.08/turn

%: no passive effects
@: mighty
A: no striking features
a: no special abilities


You were on level 1 of the Dungeon.
You visited 1 branch of the dungeon, and saw 1 of its levels.

You collected 29 gold pieces.

Inventory:

Hand Weapons
 a - a +0 rapier (weapon)
 g - a +0 sling
Missiles
 e - 3 boomerangs (quivered)
Armour
 b - a +0 scale mail (worn)
 c - a +0 buckler (worn)


   Skills:
 - Level 2.4 Fighting
 - Level 2.0 Short Blades
 + Level 0.8 Ranged Weapons
 - Level 2.4 Armour
 + Level 1.0 Dodging
 + Level 1.0 Stealth
 - Level 2.4 Shields


You couldn't memorise any spells.
You didn't know any spells.
Your spell library was empty.

Dungeon Overview and Level Annotations

Branches:
Dungeon (1/15)

Altars:


Message History

The gnoll is moderately wounded.
Press: ? - help, v - describe, . - travel
Here: a gnoll, wielding a +0 flail (moderately wounded)
The floor.
Throw: 3 boomerangs
Press: ? - help, Q - select action, (/) - cycle Shift-Dir - straight line, f/p - gnoll
Aim: a gnoll, wielding a +0 flail (moderately wounded, 63% to hit)
You throw a boomerang. The boomerang barely misses the gnoll.
Throw: 3 boomerangs
Press: ? - help, Q - select action, (/) - cycle Shift-Dir - straight line, f/p - gnoll
Aim: a gnoll, wielding a +0 flail (moderately wounded, 63% to hit)
You throw a boomerang. The boomerang barely misses the gnoll.
The gnoll barely misses you.
Throw: 3 boomerangs
Press: ? - help, Q - select action, (/) - cycle Shift-Dir - straight line, f/p - gnoll
Aim: a gnoll, wielding a +0 flail (moderately wounded, 63% to hit)
You throw a boomerang.
The boomerang hits the gnoll but does no damage.
The gnoll is moderately wounded.
The gnoll barely misses you.
Throw: 3 boomerangs
Press: ? - help, Q - select action, (/) - cycle Shift-Dir - straight line, f/p - gnoll
Aim: a gnoll, wielding a +0 flail (moderately wounded, 63% to hit)
You throw a boomerang. The boomerang hits the gnoll.
The gnoll is moderately wounded.
You block the gnoll's attack. The gnoll hits you with a +0 flail.
a - a +0 rapier (weapon)
You hit the gnoll.
The gnoll is moderately wounded.
The gnoll hits you with a +0 flail!
Ouch! That really hurt!
* * * LOW HITPOINT WARNING * * *
You feel very mighty all of a sudden.
A hobgoblin comes into view.
The gnoll completely misses you.
The hobgoblin shouts!
You hit the gnoll but do no damage.
The gnoll is moderately wounded.
The gnoll hits you with a +0 flail.
You die...

....PP.8.PP.##..####.......##...#
##..PP...P..###.# #.......###.##
#...P.PP...# #)# #.......# ###.
#....PP.[.## #†# ######### ##
#..>.....## #.# # #...######
###.#### # #.#......# #......# #
..###.###.# #.#.##.##### . .. ##
#.#.@g.g...$ #. .......##.#..#.
#. .##..#.# # .. .. #..... . #.
#....# #. #....# ##.#.# ....


You could see a gnoll and a hobgoblin.

Vanquished Creatures
  A goblin (D:1)
  3 hobgoblins (D:1)
  A quokka (D:1)
5 creatures vanquished.

Vanquished Creatures (others)
  A fungus (D:1)
1 creature vanquished.

Grand Total: 6 creatures vanquished

Notes
Turn   | Place    | Note
-------+----------+-------------------------------------------
     0 | D:1      | eppigd the Deep Elf Fighter began the quest for the Orb.
     0 | D:1      | Reached XP level 1. HP: 13/13 MP: 3/3
   147 | D:1      | Reached skill level 1 in Dodging
   147 | D:1      | Reached skill level 1 in Stealth
   167 | D:1      | Slain by a gnoll

Illustrated notes

Levels and vault maps discovered:
D:1:      wander_arrival_peaceful_grave, layout_loops_cross,
          chequers_mini_garden, dreamdust_mushroom_princess,
          minmay_misc_feat_square, minmay_hexomino_u4

Skill      XL: |  1 |
---------------+----+-----
Dodging        | 1 |  1.0
Stealth        | 1 |  1.0
Fighting       | |  2.4
Short Blades   | |  2.0
Ranged Weapons | |  0.8
Armour         | |  2.4
Shields        | |  2.4

Action                     || total
---------------------------++-------
  Melee: Rapier            ||     5
  Throw: Boomerang         ||    21
    Use: Potion            ||     1
 Armour: Scale mail        ||     6
  Dodge: Dodged            ||     7
  Block: Buckler           ||     6
